 Dungeon Crawl Stone Soup version 0.17-a0-1719-g1afd5a1 (webtiles) character file.

434 kae the Carver (level 6, -11/51 HPs)
             Began as a Minotaur Fighter on Aug 28, 2015.
             Was a Follower of Okawaru.
             Mangled by Cenon's ghost (18 damage)
             ... on level 4 of the Dungeon.
             The game lasted 00:02:35 (2656 turns).

kae the Carver (Minotaur Fighter)                   Turns: 2656, Time: 00:02:35

Health: -11/51     AC:  6    Str: 21    XL:     6   Next: 68%
Magic:  5/5        EV:  7    Int:  7    God:    Okawaru [*.....]
Gold:   163        SH:  9    Dex:  9    Spells: 0 memorised, 5 levels left

rFire  . . .     SeeInvis .     a - +0 long sword
rCold  . . .     Clarity  .     b - +0 scale mail
rNeg   . . .     SustAt   .     c - +0 shield
rPois  .         Gourm    .     (helmet restricted)
rElec  .         Spirit   .     (no cloak)
rCorr  .         Warding  .     (no gloves)
rMut   .         Stasis   .     (no boots)
MR     .....                    (no amulet)
Stlth  ..........               (no ring)
                                (no ring)

@: not resistant to hostile enchantments, extremely unstealthy
A: retaliatory headbutt, horns 2
a: Heroism, Renounce Religion


You were on level 4 of the Dungeon.
You worshipped Okawaru.
Okawaru was aware of your devotion.
You were hungry.

You visited 1 branch of the dungeon, and saw 4 of its levels.

You collected 163 gold pieces.

Inventory:

Hand weapons
 a - a +0 long sword (weapon)
Armour
 b - a +0 scale mail (worn)
 c - a +0 shield (worn)
Jewellery
 o - a +4 ring of intelligence {unknown}
 r - an uncursed ring of ice {unknown}
 u - an uncursed ring of protection from magic {unknown}
Magical devices
 y - a wand of slowing (24)
Scrolls
 h - 4 scrolls of noise {unknown}
 i - 3 scrolls of remove curse {unknown}
 j - 2 scrolls of teleportation {unknown}
 l - 2 scrolls of magic mapping {unknown}
 m - 4 scrolls of identify {unknown}
 n - 5 scrolls of fear {unknown}
 p - 2 scrolls of amnesia {unknown}
 s - a scroll of fog {unknown}
 t - 2 scrolls of blinking {unknown}
 w - a scroll of random uselessness {unknown}
 B - a scroll of immolation {unknown}
Potions
 d - a potion of heal wounds
 k - a potion of agility
 v - a potion of poison
 x - a potion of haste
 z - a potion of flight {unknown}
Comestibles
 e - 3 bread rations
 g - 3 meat rations


   Skills:
 - Level 3.6 Fighting
 + Level 8.7 Long Blades
 - Level 3.6 Armour
 - Level 3.6 Shields


You had 5 spell levels left.
You didn't know any spells.

Dungeon Overview and Level Annotations

Branches:
Dungeon (4/15)
 Temple: D:4-7

Altars:
Okawaru
Zin
The Shining One

Annotations:
D:4 Cenon's ghost, experienced TrBe


Innate Abilities, Weirdness & Mutations

You reflexively headbutt those who attack you in melee.
You have a pair of horns on your head.


Message History

Cenon's ghost is moderately damaged.
Cenon's ghost hits you.
* * * LOW HITPOINT WARNING * * *
Cenon's ghost burns you.
* * * LOW HITPOINT WARNING * * *
You are too injured to fight recklessly!
You are too injured to fight recklessly!
You are too injured to fight recklessly!
You are too injured to fight recklessly!
You are too injured to fight recklessly!
You are too injured to fight recklessly!
You are too injured to fight recklessly!
You are too injured to fight recklessly!
You barely miss Cenon's ghost. Your headbutt misses Cenon's ghost.
Cenon's ghost is moderately damaged.
Cenon's ghost hits you but does no damage.
You hit Cenon's ghost.
Cenon's ghost is moderately damaged.
Cenon's ghost hits you!!
You die...

#######.# ######
#.###.............
#...#.............
###.#.............
#.#.............
#.#.............
#.#.............
#.8.....W.......
#.......@.......
##8.............
##.............
#.............
#.............
#..§..........
#.§...........
#.............
##########


You could see Cenon's ghost.

Vanquished Creatures
  Grinder (D:4)
  An ogre (D:4)
  Natasha (D:3)
  Robin (D:4)
  5 adders
  A worm (D:3)
  2 giant geckos
  An orc (D:4)
  9 bats
  5 giant cockroaches
  22 goblins
  4 hobgoblins
  A jackal (D:3)
  9 kobolds
  3 quokkas
  A giant newt (D:3)
  6 rats
73 creatures vanquished.

Notes
Turn   | Place    | Note
--------------------------------------------------------------
     0 | D:1      | kae the Minotaur Fighter began the quest for the Orb.
     0 | D:1      | Reached XP level 1. HP: 19/19 MP: 0/0
    65 | D:1      | Found an iron altar of Okawaru.
    98 | D:1      | Became a worshipper of Warmaster Okawaru
   155 | D:1      | Reached XP level 2. HP: 26/26 MP: 1/1
   719 | D:2      | Reached skill level 4 in Long Blades
   820 | D:2      | Found a glowing golden altar of the Shining One.
  1003 | D:2      | Reached XP level 3. HP: 31/31 MP: 2/2
  1646 | D:3      | Reached skill level 5 in Long Blades
  1845 | D:3      | Reached XP level 4. HP: 39/39 MP: 3/3
  2001 | D:3      | Noticed Natasha
  2006 | D:3      | Killed Natasha
  2302 | D:3      | Reached skill level 6 in Long Blades
  2339 | D:4      | Noticed an ogre
  2343 | D:4      | Killed an ogre
  2343 | D:4      | Reached skill level 7 in Long Blades
  2343 | D:4      | Reached XP level 5. HP: 38/45 MP: 4/4
  2349 | D:4      | Acquired Okawaru's first power
  2381 | D:4      | Noticed Grinder
  2390 | D:4      | Noticed Robin
  2398 | D:4      | Killed Robin
  2422 | D:4      | Found a glowing silver altar of Zin.
  2422 | D:4      | Paralysed by Grinder for 5 turns
  2424 | D:4      | HP: 1/45 [Grinder (4)]
  2432 | D:4      | Killed Grinder
  2432 | D:4      | Reached skill level 8 in Long Blades
  2432 | D:4      | Reached XP level 6. HP: 29/51 MP: 5/5
  2640 | D:4      | Noticed Cenon's ghost (experienced TrBe)
  2656 | D:4      | Mangled by Cenon's ghost

Vault maps used:
D:1:      ncdulo_lavacross, okawaru_ov_weapons_minmay
D:2:      first_bread, tso_altar
D:3:      kennysheep_big_flooded_room, uniq_natasha
D:4:      nicolae_ru_path_of_blood, lemuel_round_altar,
          lemuel_temple_firewalk_marked, portal_sewer_entry_d, uniq_robin,
          uniq_grinder

Action                   |  1- 3 |  4- 6 || total
-------------------------+-------+-------++-------
Melee: Long sword        |   107 |    89 ||   196
  Use: Potion            |     1 |     7 ||     8
  Eat: Chunk             |     3 |     2 ||     5
